 Dungeon Crawl Stone Soup version 0.25-a0-939-g1e880d3 (webtiles) character file.

Game seed: 12328174032536153450, levelgen mode: deterministic

113075 DrEnzyme the Warrior (level 17, 0/117 HPs)
             Began as a Kobold Wanderer on May 4, 2020.
             Was an Elder of Ashenzari.
             Slain by a harpy (2 damage)
             ... on level 2 of the Shoals on May 5, 2020.
             The game lasted 02:51:49 (56558 turns).

DrEnzyme the Warrior (Kobold Wanderer)             Turns: 56558, Time: 02:51:50

Health: 0/117      AC: 15    Str: 18    XL:     17   Next: 17%
Magic:  0/28       EV: 20    Int: 16    God:    Ashenzari [****..]
Gold:   289        SH:  3    Dex: 13    Spells: 29/31 levels left

rFire    . . .     SeeInvis +   B - +9 short sword of Doom {venom, rElec Int+3}
rCold    + . .     Gourm    .   (shield restricted)
rNeg     + + .     Faith    .   Q - +1 scale mail of the Loofah {rC+ Stlth+} (curse)
rPois    +         Spirit   +   w - +2 helmet (curse)
rElec    +         Reflect  +   L - scarf {Spirit}
rCorr    .         Harm     .   g - +1 pair of gloves (curse)
MR       +....     Clarity  +   e - +0 pair of boots
Stlth    ++++++....             T - +3 amulet of reflection (curse)
HPRegen  0.29/turn              R - ring of Nyrphoniy {rElec rN+ Slay+4} (curse)
MPRegen  0.21/turn              m - ring of Due Proportion {+Fly rPois rN+}

@: hasted, studying Spellcasting, very quick
A: small, carnivore
a: Curse Item, Scrying, Renounce Religion, Evoke Flight


You were on level 2 of the Shoals.
You worshipped Ashenzari.
Ashenzari was greatly pleased with you.
You were full.

You visited 7 branches of the dungeon, and saw 31 of its levels.

You collected 3033 gold pieces.
You spent 2744 gold pieces at shops.

Inventory:

Hand Weapons
 b - a +0 broad axe of flaming
 c - a +0 short sword of holy wrath
 n - a +1 vampiric rapier
 B - the +9 short sword of Doom (weapon) {venom, rElec Int+3}
   (You found it on level 3 of the Snake Pit)

   It poisons the flesh of those it strikes.
   It affects your intelligence (+3).
   It insulates you from electricity.
 X - the +9 long sword of the Fray {antimagic, Str+4 Int+4 Dex-3}
   (You bought it in a shop on level 2 of the Orcish Mines)

   It reduces the magical energy of the wielder, and disrupts the spells and
   magical abilities of those hit.
   Natural abilities and divine invocations are not affected.
   It affects your strength (+4).
   It affects your intelligence (+4).
   It affects your dexterity (-3).
Missiles
 q - 36 poisoned darts (quivered)
 y - 118 arrows
 U - 211 bolts
Armour
 d - a +0 cloak
 e - a +0 pair of boots (worn)
 g - a cursed +1 pair of gloves (worn)
 u - a +0 buckler
 w - a cursed +2 helmet (worn)
 L - a scarf of spirit shield (worn)
 Q - the cursed +1 scale mail of the Loofah (worn) {rC+ Stlth+}
   (You found it on level 5 of the Lair of Beasts)

   It protects you from cold.
   It makes you more stealthy.
   It has a curse placed upon it.
Jewellery
 a - a +3 ring of intelligence
 m - the ring of Due Proportion (right hand) {+Fly rPois rN+}
   (You bought it in a shop on level 13 of the Dungeon)

   [ring of poison resistance]

   It protects you from poison.
   It protects you from negative energy.
   It lets you fly.
 s - an uncursed ring of ice
 x - a +4 ring of evasion
 R - the cursed ring of Nyrphoniy (left hand) {rElec rN+ Slay+4}
   (You bought it in a shop on level 13 of the Dungeon)

   [ring of positive energy]

   It affects your accuracy and damage with ranged weapons and melee attacks
   (+4).
   It insulates you from electricity.
   It protects you from negative energy.
   It has a curse placed upon it.
 T - a cursed +3 amulet of reflection (around neck)
Wands
 k - a wand of enslavement (6)
 p - a wand of flame (22)
 E - a wand of polymorph (9)
 G - a wand of acid (13)
 K - a wand of random effects (13)
Scrolls
 h - 4 scrolls of fog
 i - 3 scrolls of identify
 v - 3 scrolls of immolation
 C - 2 scrolls of amnesia
 D - 4 scrolls of magic mapping
 J - 3 scrolls of remove curse
 V - a scroll of summoning
 Z - a scroll of holy word
Potions
 j - a potion of stabbing
 l - 2 potions of brilliance
 o - 4 potions of curing
 t - 2 potions of magic
 H - 6 potions of haste
 I - a potion of flight
 N - 2 potions of resistance
Books
 F - a manual of Spellcasting
Miscellaneous
 O - a lightning rod (inert)
 S - a phial of floods
Comestibles
 f - 28 rations


   Skills:
 * Level 17.2 Fighting
 * Level 15.0(17.1) Short Blades
 - Level 9.6(11.4) Long Blades
 - Level 1.0 Axes
   Level 2.7 Bows
 - Level 1.1 Throwing
 - Level 3.2(5.2) Armour
 * Level 12.6(14.5) Dodging
 * Level 15.8 Stealth
 * Level 1.7 Shields
 * Level 7.8 Spellcasting
 - Level 1.2(2.6) Evocations


You had 29 spell levels left.
You knew the following spells:

 Your Spells              Type           Power        Failure   Level  Hunger
a - Apportation           Tloc           #.....       28%         1    None
b - Summon Butterflies    Summ           #.......     28%         1    None

Your spell library contained the following spells:

 Spells                   Type           Power        Failure   Level  Hunger
 Animate Skeleton         Necr           N/A          28%         1    None
 Beastly Appendage        Tmut           #.....       28%         1    None
 Corona                   Hex            #......      28%         1    None
 Foxfire                  Conj/Fire      #...         28%         1    None
 Infusion                 Chrm           #...         28%         1    None
 Magic Dart               Conj           #...         28%         1    None
 Shock                    Conj/Air       #...         28%         1    None
 Summon Small Mammal      Summ           #...         28%         1    None
 Ensorcelled Hibernation  Hex/Ice        #.....       41%         2    None
 Poisonous Vapours        Pois/Air       #.....       41%         2    None
 Searing Ray              Conj           #.....       41%         2    None
 Shroud of Golubria       Chrm/Tloc      #.....       41%         2    None
 Song of Slaying          Chrm           #.......     41%         2    None
 Sticks to Snakes         Tmut           #.......     41%         2    None
 Swiftness                Chrm/Air       #.......     41%         2    None
 Confusing Touch          Hex            #.......     65%         3    ##.....
 Conjure Flame            Conj/Fire      #.......     65%         3    ##.....
 Dazzling Flash           Conj/Hex       #.....       65%         3    ##.....
 Gell's Gravitas          Tloc           #.........   65%         3    ##.....
 Inner Flame              Hex/Fire       #.......     65%         3    ##.....
 Lesser Beckoning         Tloc           #.........   65%         3    ##.....
 Ozocubu's Armour         Chrm/Ice       #.......     65%         3    ##.....
 Portal Projectile        Hex/Tloc       #.....       65%         3    ##.....
 Spectral Weapon          Hex/Chrm       #.......     65%         3    ##.....
 Spider Form              Tmut/Pois      #.........   65%         3    ##.....
 Static Discharge         Conj/Air       #.......     65%         3    ##.....
 Tukima's Dance           Hex            #.......     65%         3    ##.....
 Airstrike                Air            #.........   96%         4    ####...
 Cause Fear               Hex            #.........   96%         4    ####...
 Fulminant Prism          Conj/Hex       #.........   96%         4    ####...
 Ice Form                 Ice/Tmut       #.......     96%         4    ####...
 Iskenderun's Mystic Bla  Conj/Tloc      #.......     96%         4    ####...
 Leda's Liquefaction      Hex/Erth       #.........   96%         4    ####...
 Sticky Flame             Conj/Fire      #.......     96%         4    ####...
 Alistair's Intoxication  Tmut/Pois      #.......     100%        5    #####..
 Blade Hands              Tmut           #.........   100%        5    #####..
 Bolt of Magma            Conj/Fire/Erth #.........   100%        5    #####..
 Borgnjor's Vile Clutch   Necr/Erth      #.........   100%        5    #####..
 Fireball                 Conj/Fire      #.........   100%        5    #####..
 Iskenderun's Battlesphe  Conj/Chrm      #.......     100%        5    #####..
 Lightning Bolt           Conj/Air       #.........   100%        5    #####..
 Silence                  Hex/Air        #.........   100%        5    #####..
 Yara's Violent Unravell  Hex/Tmut       #.........   100%        5    #####..
 Darkness                 Hex            #.........   100%        6    #######
 Dispersal                Tloc           #.........   100%        6    #######
 Invisibility             Hex            #.......     100%        6    #######
 Iron Shot                Conj/Erth      #.........   100%        6    #######
 Shadow Creatures         Summ           N/A          100%        6    #######
 Statue Form              Tmut/Erth      #........    100%        6    #######
 Orb of Destruction       Conj           #.........   100%        7    #######
 Spellforged Servitor     Conj/Summ      #.........   100%        7    #######
 Summon Hydra             Summ           #.........   100%        7    #######
 Controlled Blink         Tloc           N/A          100%        8    #######
 Discord                  Hex            #.........   100%        8    #######
 Disjunction              Tloc           #.........   100%        8    #######
 Shatter                  Erth           #.........   100%        9    #######
 Tornado                  Air            #.........   100%        9    #######


Dungeon Overview and Level Annotations

Branches:
Dungeon (14/15)            Temple (1/1) D:4            Lair (6/6) D:11
 Shoals (4/4) Lair:2        Snake (3/4) Lair:2        Slime (0/5) Lair:6
    Orc (2/2) D:12            Elf (1/3) Orc:2        Vaults (0/5) D:13

Altars:
Ashenzari
Cheibriados
Dithmenos
Elyvilon
Fedhas
Gozag
Hepliaklqana
Kikubaaqudgha
Makhleb
Nemelex Xobeh
Okawaru
Qazlal
Ru
Sif Muna
Trog
Uskayaw
Vehumet
Wu Jian
Xom
Yredelemnul
Zin
The Shining One
Jiyva

Shops:
D:11 (   D:13 =   Orc:2 ::(=

Portals:
Trove: D:11 (give +2 gold dragon scales)

Annotations:
D:8 exclusion: 2 doors
D:12 Guweuddu's ghost, journeyman MiBe
Lair:4 Oddudur's ghost, journeyman DDFi; Sonja
Lair:5 exclusions: catoblepas, 2 downstairs and 8 more exclusions, Nessos
Lair:6 exclusion: upstairs
Shoals:2 Ilsuiw; Roxanne


Innate Abilities, Weirdness & Mutations

You are small and have problems with some larger weapons.
You are carnivorous and can eat meat at any time.


Message History

* * * LOW HITPOINT WARNING * * *
There is a stone staircase leading down, spattered with blood here.
Okay, then.
Unknown command.
Okay, then.
You slip free of the water engulfing you.
You gasp with relief as air once again reaches your lungs.
The harpy barely misses you. The harpy closely misses you.
The merfolk javelineer misses you. The water elemental misses you.
The harpy claws you.
* * * LOW HITPOINT WARNING * * *
The harpy closely misses you.
The merfolk avatar chants a haunting song.
You are unaffected.
The harpy completely misses you. The harpy misses you.
The wind drake flaps its wings at you. The air twists around and strikes you!
* * * LOW HITPOINT WARNING * * *
You see here 31 stones.
The harpy claws you.
You die...

....≈≈≈..# #.≈≈m≈≈≈≈≈≈ ≈ ≈
≈.≈≈)≈≈..## #(≈≈≈≈≈≈≈≈≈ ≈ ≈
≈≈≈≈≈≈≈≈..# ##E≈≈k≈≈≈≈≈H ≈ ≈
≈≈≈≈≈≈≈≈.>####..E≈≈P≈≈≈≈≈≈≈
≈≈≈≈≈≈≈≈≈..##.SmH≈≈≈≈≈≈≈≈≈≈
≈ ≈
≈≈≈≈≈≈≈≈≈≈...S>Emmm≈≈PPP≈≈≈
≈ ≈≈
≈≈≈≈≈≈≈≈≈≈≈≈(SHH.#.≈P≈P≈≈≈≈
≈ ≈
≈≈≈≈≈≈≈≈≈≈≈≈≈≈.(H##.≈PP≈≈..
≈ ≈
≈≈≈≈≈≈≈≈≈≈≈≈≈≈≈≈@...P.≈≈≈≈#,
≈≈≈
≈≈≈≈≈≈≈≈≈≈≈≈≈[....≈..≈≈≈≈.,
≈ ≈≈≈≈≈≈≈≈≈≈≈≈≈....≈≈≈≈≈≈≈.
≈ ≈
≈≈≈≈≈≈≈≈≈≈≈≈≈≈≈)≈≈≈≈≈≈≈≈≈ ≈
≈ ≈≈≈≈≈≈≈≈≈≈≈≈..≈<≈≈≈≈≈≈≈≈≈
≈ ≈ ≈ ≈≈≈≈≈≈≈≈≈.##.≈(≈≈≈≈≈≈≈
≈ ≈≈ ≈≈≈≈≈≈≈...##.)≈≈≈≈≈≈.,
, ≈ ≈ ≈≈≈≈≈≈≈≈....<≈≈≈≈≈≈.
,, ≈≈ ≈≈≈≈≈≈≈≈≈≈.≈≈≈≈≈≈≈.#
,,


You could see Ilsuiw, a merfolk javelineer, 3 sea snakes, a wind drake, a
merfolk, 3 water elementals and 4 harpies.

Vanquished Creatures
  Agnes (Snake:2)
  A merfolk impaler (Shoals:1)
  4 ogre magi (Orc:2)
  4 naga warriors
  A merfolk avatar (Shoals:1)
  A catoblepas (Lair:6)
  2 hydras (Lair:6)
  14 two-headed ogres
  3 anacondas
  4 centaur warriors
  A dancing weapon (Elf:1)
  2 merfolk aquamancers (Shoals:1)
  5 death yaks (Lair:6)
  5 shock serpents
  A deep troll shaman (Lair:6)
  3 naga sharpshooters
  A deep elf knight (Elf:1)
  A shock serpent (shapeshifter) (D:13)
  8 sea snakes
  2 unseen horrors
  A naga ritualist (Snake:1)
  2 orc knights
  14 harpies
  A lindwurm (D:13)
  5 manticores
  10 deep elf magi
  3 ugly things
  5 salamanders
  2 orc sorcerers
  2 mana vipers
  4 fauns (Shoals:1)
  7 merfolk sirens
  11 elephants
  2 guardian serpents
  18 black mambas
  6 naga magi
  9 spiny frogs
  2 rime drakes
  3 komodo dragons
  A tengu conjurer (D:14)
  5 merfolk
  3 wind drakes
  2 polar bears
  7 trolls
  A snapping turtle (Shoals:1)
  A hornet (D:13)
  A slime creature (D:12)
  5 dream sheep (Lair:6)
  7 blink frogs
  8 hippogriffs
  2 wyverns
  7 water elementals
  Sigmund (D:2)
  40 yaks
  3 wraiths
  Grum (D:8)
  4 basilisks
  A hungry ghost (D:10)
  2 wargs (Orc:1)
  27 nagas
  A soldier ant (D:9)
  3 porcupines
  5 water moccasins
  23 orc warriors
  5 sky beasts
  4 ice beasts
  3 phantoms
  A black bear (Lair:6)
  27 ogres
  7 centaurs
  9 crocodiles
  26 wolves
  Blork the orc (D:7)
  3 big kobolds
  2 wyvern skeletons
  15 bullfrogs
  A scorpion (Lair:2)
  A killer bee (D:9)
  11 wights
  3 howler monkeys (D:8)
  3 crimson imps
  A gnoll shaman (D:8)
  7 hounds
  A quasit (D:5)
  A bullfrog zombie (D:9)
  A centaur skeleton (D:11)
  7 centaur zombies
  4 jellies
  A bullfrog skeleton (D:8)
  22 orc priests
  33 orc wizards
  5 hell rats
  9 worker ants
  2 killer bee zombies
  4 hound skeletons
  2 howler monkey zombies (D:9)
  2 worker ant zombies
  7 gnolls
  13 adders
  6 shadow imps
  2 adder skeletons (D:4)
  3 worms
  A dart slug (D:2)
  13 leopard geckos
  83 orcs
  7 giant cockroaches
  8 goblins
  3 hobgoblins
  13 kobolds
  5 quokkas
  5 bats
  4 frilled lizards
  A leopard gecko skeleton (D:5)
  3 rats
733 creatures vanquished.

Vanquished Creatures (others)
  A harpy (Shoals:3)
  An orc (Orc:2)
  12 fungi
  6 plants
20 creatures vanquished.

Grand Total: 753 creatures vanquished

Notes
Turn   | Place    | Note
-------+----------+-------------------------------------------
     0 | D:1      | DrEnzyme the Kobold Wanderer began the quest for the Orb.
     0 | D:1      | DrEnzyme set off with the following items: a +0 shortbow, a
                  | +2 scale mail, 24 arrows, a scroll of teleportation, a
                  | ration
     0 | D:1      | Reached XP level 1. HP: 12/12 MP: 1/1
    66 | D:1      | Reached XP level 2. HP: 18/18 MP: 2/2
   145 | D:1      | Reached skill level 1 in Stealth
   201 | D:1      | Reached skill level 1 in Dodging
   346 | D:1      | Reached XP level 3. HP: 22/22 MP: 3/3
   820 | D:2      | Reached skill level 3 in Fighting
   820 | D:2      | Reached XP level 4. HP: 28/28 MP: 4/4
   891 | D:2      | Noticed Sigmund
   931 | D:2      | Killed Sigmund
   931 | D:2      | Reached XP level 5. HP: 4/32 MP: 5/5
   931 | D:2      | Reached XP level 6. HP: 5/37 MP: 6/6
  1401 | D:3      | Found a white marble altar of Elyvilon.
  1404 | D:3      | Found an iron altar of Okawaru.
  1410 | D:3      | Found a shimmering altar of Xom.
  1434 | D:3      | Found an iron altar of Okawaru.
  1820 | D:3      | Found a hazy altar of Hepliaklqana.
  1822 | D:3      | Found a shadowy altar of Dithmenos.
  1823 | D:3      | Noticed a shadow
  2474 | D:4      | Reached skill level 4 in Fighting
  2748 | D:4      | Found a snail-covered altar of Cheibriados.
  2753 | D:4      | Found a staircase to the Ecumenical Temple.
  2949 | Temple   | Entered the Ecumenical Temple
  3156 | Temple   | Became a worshipper of Ashenzari the Shackled
  3234 | D:4      | Reached XP level 7. HP: 43/43 MP: 7/7
  3454 | D:5      | Entered Level 5 of the Dungeon
  3468 | D:5      | Found a shimmering altar of Xom.
  4568 | D:5      | Reached skill level 5 in Bows
  4694 | D:5      | Reached XP level 8. HP: 45/48 MP: 8/8
  5422 | D:6      | Reached skill level 5 in Fighting
  5422 | D:6      | Reached skill level 5 in Stealth
  6020 | D:7      | Found an ornate altar of the Wu Jian Council.
  6283 | D:7      | Reached XP level 9. HP: 55/55 MP: 9/9
  6311 | D:7      | Upgraded the game from 0.25-a0-936-gcfa9253 to
                  | 0.25-a0-939-g1e880d3
  6342 | D:7      | Noticed a brown ugly thing
  6348 | D:7      | Noticed a hippogriff
  6359 | D:6      | Killed a brown ugly thing
  6359 | D:6      | Reached skill level 6 in Fighting
  6359 | D:6      | Reached skill level 5 in Dodging
  6632 | D:7      | Found a sparkling altar of Nemelex Xobeh.
  6659 | D:7      | Reached * piety under Ashenzari
  7013 | D:7      | Noticed Blork the orc
  7031 | D:7      | Killed Blork the orc
  7038 | D:7      | Found a shimmering blue altar of Sif Muna.
  7160 | D:8      | Reached skill level 7 in Fighting
  7683 | D:7      | Killed a hippogriff
  8226 | D:8      | Noticed Grum
  8256 | D:7      | Reached XP level 10. HP: 39/64 MP: 10/10
  8628 | D:8      | Killed Grum
  8628 | D:8      | Reached skill level 8 in Fighting
  8722 | D:8      | Found a radiant altar of Vehumet.
  9507 | D:9      | Found a stormy altar of Qazlal.
 10768 | D:9      | Reached skill level 9 in Fighting
 10857 | D:9      | Reached skill level 1 in Short Blades
 10878 | D:9      | Found an opulent altar of Gozag.
 11293 | D:9      | Noticed a centaur warrior
 11351 | D:9      | Noticed an orc knight
 11872 | D:10     | Entered Level 10 of the Dungeon
 11954 | D:10     | Reached XP level 11. HP: 67/71 MP: 11/11
 12612 | D:9      | Killed a centaur warrior
 13087 | D:9      | Reached skill level 5 in Short Blades
 13545 | D:9      | Reached skill level 10 in Fighting
 14643 | D:11     | Noticed an unseen horror
 15174 | D:11     | Found Ethawk's Weapon Shoppe.
 15267 | D:11     | Found a portal to a secret trove of treasure.
 15328 | D:11     | Found a staircase to the Lair.
 15646 | Lair:1   | Entered Level 1 of the Lair of Beasts
 15662 | Lair:1   | Reached ** piety under Ashenzari
 15789 | Lair:1   | Reached XP level 12. HP: 58/79 MP: 12/12
 16322 | Lair:1   | Got the cursed leather armour of Amorality {Int+4}
 16644 | Lair:1   | Reached skill level 10 in Stealth
 17463 | Lair:2   | Reached skill level 11 in Fighting
 17826 | Lair:2   | Found a staircase to the Shoals.
 18192 | Lair:2   | Found a staircase to the Snake Pit.
 18383 | Lair:2   | Reached skill level 10 in Dodging
 18648 | Lair:2   | Reached skill level 10 in Short Blades
 20637 | Lair:3   | Reached *** piety under Ashenzari
 21655 | Lair:3   | Identified the cursed +1 leather armour of Amorality
                  | {Int+4} (You found it on level 1 of the Lair of Beasts)
 22416 | Lair:4   | Found a runed translucent gate.
 22417 | Lair:4   | Found a runed translucent gate.
 22418 | Lair:4   | Found a runed translucent gate.
 22421 | Lair:4   | Noticed Oddudur's ghost (journeyman DDFi)
 22728 | Lair:4   | Noticed Sonja
 22832 | Lair:5   | Reached XP level 13. HP: 39/85 MP: 13/13
 23236 | Lair:5   | Got the cursed scale mail of the Loofah {rC+ Stlth+}
 23240 | Lair:5   | Identified the cursed +1 scale mail of the Loofah {rC+
                  | Stlth+} (You found it on level 5 of the Lair of Beasts)
 23581 | Lair:5   | Reached skill level 12 in Fighting
 23714 | Lair:5   | Noticed Nessos
 23716 | Lair:5   | Reached **** piety under Ashenzari
 24313 | Lair:5   | Noticed a catoblepas
 24352 | Lair:6   | Entered Level 6 of the Lair of Beasts
 25079 | D:11     | Found a burning altar of Makhleb.
 25284 | D:11     | Identified a scroll of acquirement
 25433 | D:12     | Found a staircase to the Orcish Mines.
 25681 | D:12     | Noticed a centaur warrior
 25785 | D:11     | Killed a centaur warrior
 26422 | D:12     | Found a large runed translucent door.
 26422 | D:12     | Found a large runed translucent door.
 26422 | D:12     | Noticed Guweuddu's ghost (journeyman MiBe)
 26512 | Orc:1    | Entered Level 1 of the Orcish Mines
 26942 | D:12     | Found a viscous altar of Jiyva.
 28864 | Orc:1    | Reached skill level 13 in Fighting
 29318 | Orc:1    | Noticed an orc warlord
 29797 | Orc:2    | Entered Level 2 of the Orcish Mines
 30115 | Lair:6   | Noticed a seven-headed hydra
 30383 | Lair:6   | Found a viscous altar of Jiyva.
 30383 | Lair:6   | Found a staircase to the Slime Pits.
 30733 | D:13     | Reached XP level 14. HP: 47/94 MP: 14/14
 31075 | D:13     | Found Ukuwubev's Jewellery Emporium.
 31078 | D:13     | Bought the ring of Nyrphoniy {rElec rN+ Slay+4} for 914
                  | gold pieces
 31084 | D:13     | Bought the ring of Due Proportion {+Fly rPois rN+} for 599
                  | gold pieces
 31084 | D:13     | Bought a +3 amulet of reflection for 282 gold pieces
 31434 | D:13     | Found a gate to the Vaults.
 31487 | D:13     | Reached ***** piety under Ashenzari
 32716 | Orc:2    | Found a staircase to the Elven Halls.
 33225 | Orc:1    | Reached skill level 14 in Fighting
 34654 | Orc:2    | Found Janoa's Weapon Emporium.
 34661 | Orc:2    | Found Pecadesu's Book Boutique.
 34661 | Orc:2    | Found Liqo Etsusem's Book Emporium.
 34661 | Orc:2    | Found Caumu's Jewellery Shop.
 34930 | Elf:1    | Entered Level 1 of the Elven Halls
 34938 | Elf:1    | Reached XP level 15. HP: 101/101 MP: 15/15
 35406 | Orc:2    | Learned a level 1 spell: Apportation
 35753 | Lair:6   | Reached skill level 1 in Spellcasting
 35753 | Lair:6   | Reached skill level 15 in Fighting
 36333 | Shoals:1 | Entered Level 1 of the Shoals
 36706 | Shoals:1 | Reached skill level 5 in Spellcasting
 37603 | Shoals:1 | Identified the Grimoire of Floating Evil
 37617 | Shoals:1 | Reached skill level 15 in Dodging
 37696 | Shoals:2 | Noticed Ilsuiw
 37851 | Snake:1  | Entered Level 1 of the Snake Pit
 39610 | D:9      | Identified the Compendium of the Enchanting Escort
 42806 | Lair:6   | Reached XP level 16. HP: 103/110 MP: 25/25
 42924 | Lair:6   | Reached skill level 16 in Fighting
 46113 | D:14     | Reached skill level 1 in Long Blades
 46241 | D:14     | Reduced skill Bows to level 5
 46371 | D:14     | Identified the cursed +5 pair of gloves of Hedging {*Slow
                  | rPois Slay+2} (You acquired it on level 14 of the Dungeon)
 46969 | Orc:2    | Bought the +9 long sword of the Fray {antimagic, Str+4
                  | Int+4 Dex-3} for 949 gold pieces
 48393 | Snake:1  | Reached skill level 15 in Stealth
 51608 | Snake:2  | Reached skill level 5 in Long Blades
 51690 | Snake:2  | Reduced skill Dodging to level 15
 53524 | Snake:3  | Noticed Agnes
 53551 | Snake:2  | Killed Agnes
 53991 | Snake:3  | Got the short sword of Doom {venom, rElec Int+3}
 54003 | Snake:2  | Identified the +9 short sword of Doom {venom, rElec Int+3}
                  | (You found it on level 3 of the Snake Pit)
 54031 | Snake:2  | Reached skill level 17 in Fighting
 54270 | Snake:3  | Reached skill level 1 in Shields
 54335 | Snake:3  | Noticed a nagaraja
 55127 | Shoals:2 | Reached XP level 17. HP: 91/117 MP: 22/28
 55391 | Shoals:2 | Reached skill level 15 in Short Blades
 55960 | Shoals:1 | Learned a level 1 spell: Summon Butterflies
 56415 | Shoals:2 | Noticed Roxanne
 56539 | Shoals:4 | Entered Level 4 of the Shoals
 56557 | Shoals:2 | HP: 1/117 [wind drake/the air (5)]
 56558 | Shoals:2 | Slain by a harpy

Levels and vault maps discovered:
D:1:      mushboom_english_gardens, layout_rooms
D:2:      layout_rooms, first_ration, uniq_sigmund
D:3:      layout_basic, riverfiend_overflow_shadow_ancestor,
          grunt_temple_overflow_diamond, okawaru_trees_1
D:4:      layout_gridville, cheibriados_altar_1, minmay_temple_entry_arrows,
          minmay_box_of_dots
D:5:      layout_basic, basic_altar
D:6:      layout_rooms
D:7:      layout_cave_pools, overflow_temple_1_default, tgw_sif,
          nemelex_spade_bored_becter
D:8:      layout_basic, kennysheep_mini, serial_rivers,
          chequers_serial_rivers_small_a, chequers_serial_rivers_micro_b,
          chequers_serial_rivers_micro_c, chequers_serial_rivers_small_b,
          chequers_serial_rivers_small_b, chequers_serial_rivers_room_b,
          blue_anna_alchemist [blue_anna_fruit_fields, blue_anna_fruit_fields],
          uniq_grum
D:9:      minmay_the_grid_4x2 [minmay_the_grid_minigrid_medium,
          minmay_the_grid_armoury, minmay_the_grid_paths, minmay_the_grid_slots,
          minmay_the_grid_doors, minmay_the_grid_gridbox, minmay_the_grid_rooms,
          minmay_the_grid_prize_trominoes], layout_rooms,
          overflow_temple_1_default, nicolae_overflow_crystal_walls,
          serial_undead, serial_undead_f, serial_undead_e, serial_undead_d,
          serial_undead_a
D:10:     layout_roguey
D:11:     layout_cave_pools, lair_entry_dummy, basic_altar,
          nicolae_trove_entry_diagonal, serial_shops, nicolae_shop_waterfront,
          minivault_5
D:12:     layout_irregular_city, erik_orc_4, ebering_ghost_disaster_area,
          jiyva_altar_1
D:13:     layout_roguey, david_vaults_4, serial_shops,
          nicolae_shop_behind_doors, grunt_decor_cap
D:14:     layout_cave_pools, minmay_strange_pillars, special_room
          [special_room_orc]
Temple:   minmay_temple_curvy_loop
Lair:1:   layout_cave_pods, lemuel_fruit_fields, grunt_megastairs_3,
          infiniplex_staircase_pool_2
Lair:2:   layout_cellular_growth, elwin_shoals_entry_rocks,
          minmay_snake_entry_guardpost_large, grunt_megastairs_5
Lair:3:   layout_cave_pods
Lair:4:   layout_regular_city, ebering_ghost_rock_garden,
          minmay_lair_oklob_chamber, uniq_sonja
Lair:5:   layout_regular_city, uniq_nessos
Lair:6:   grunt_lair_end_beastmaster, layout_gridlike, slime_altar_1
Shoals:1: layout_shoals
Shoals:2: layout_shoals, uniq_ilsuiw, uniq_roxanne
Shoals:3: layout_shoals
Shoals:4: shoals_end_grunt_garden, layout_shoals, serial_shops, shop
Snake:1:  layout_gridlike, grunt_ministairs_14
Snake:2:  nicolae_sea_snake_s, layout_layer_cave
Snake:3:  gammafunk_the_bubble [the_bubble_gammafunk_grid],
          layout_misc_corridors, lemuel_fruit_tree, grunt_megastairs_2,
          minmay_shop_grove, serial_bayou_shore_b, uniq_agnes, uniq_asterion
Orc:1:    layout_caves
Orc:2:    st_orc_ogre_mass, layout_diamond_mine, mines4_lemuel
Elf:1:    minmay_elf_arrival_plus, layout_onion_city, minivault_28,
          moated_statue, nrook_uturn, einodemon_crawler_minivault

Skill      XL: |  1  2  3  4  5  6  7  8  9 10 11 12 13 14 15 16 17 |
---------------+----------------------------------------------------+-----
Stealth        | 1 2 3 4 5 7 8 9 11 12 13 14 15 | 15.8
Dodging        | 1 2 3 4 6 8 9 11 13 14 15 13 12 | 12.6
Fighting       | 3 4 5 7 9 10 11 13 14 15 17 | 17.2
Bows           | 2 3 4 5 6 8 9 6 2 |  2.7
Short Blades   | 2 8 10 11 13 14 15 | 15.0
Spellcasting   | 6 7 |  7.8
Long Blades    | 8 9 |  9.6
Shields        | 1 |  1.7
Axes           | |  1.0
Throwing       | |  1.1
Armour         | |  3.2
Evocations     | |  1.2

Action                   |  1- 3 |  4- 6 |  7- 9 | 10-12 | 13-15 | 16-18 || total
-------------------------+-------+-------+-------+-------+-------+-------++-------
Melee: Club              |    26 |       |       |       |       |       ||    26
       Short sword       |    15 |   131 |    39 |       |       |   189 ||   374
       Dagger            |       |       |   299 |  1076 |  2084 |   151 ||  3610
       Flail             |       |       |       |    76 |    37 |       ||   113
       Broad axe         |       |       |       |       |     5 |     6 ||    11
       Long sword        |       |       |       |       |       |   286 ||   286
 Fire: Shortbow          |    96 |    28 |   266 |   162 |       |       ||   552
Throw: Dart              |       |     8 |    13 |    77 |    69 |    23 ||   190
 Cast: Apportation       |       |       |       |       |       |     9 ||     9
Invok: Curse Item        |       |     1 |       |     3 |     2 |       ||     6
       Transfer Knowledg |       |       |       |       |     1 |     2 ||     3
       Scrying           |       |       |       |       |     1 |       ||     1
Evoke: Wand              |       |       |    11 |    18 |    31 |    23 ||    83
       Phial of floods   |       |       |       |       |     3 |     2 ||     5
       Lightning rod     |       |       |       |       |       |     5 ||     5
  Use: Scroll            |     2 |     4 |     4 |    17 |    10 |    13 ||    50
       Potion            |       |     3 |     6 |     5 |     4 |    12 ||    30
 Stab: Sleeping          |       |       |     1 |    14 |    16 |    20 ||    51
       Distracted        |       |       |       |     1 |     5 |     1 ||     7
       Petrified         |       |       |       |       |     3 |       ||     3
  Eat: Chunk             |       |     5 |    13 |    45 |    62 |    18 ||   143
       Ration            |       |     1 |     3 |     2 |     4 |    12 ||    22
Armor: Scale mail        |    72 |    57 |   175 |   241 |   291 |   183 ||  1019
Dodge: Dodged            |    85 |    90 |   529 |   987 |  1721 |   682 ||  4094
Block: Other             |       |       |       |       |   129 |    87 ||   216
       Reflection        |       |       |       |       |     4 |     7 ||    11
       Rpst.: Long sword |       |       |       |       |       |    55 ||    55

Table legend:
 A = Non-vault XP
 B = Vault XP
 C = Vault XP percentage of total XP
 D = Non-vault monster count
 E = Vault monster count
 F = Vault count percentage of total count
                 A         B        C        D         E       F
            +---------+---------+-------+---------+---------+-------
      Total |  106975 |   54562 |  33.8 |     551 |     182 |  24.8
            +---------+---------+-------+---------+---------+-------
        D:1 |      34 |       0 |   0.0 |      19 |       0 |   0.0
        D:2 |      50 |     208 |  80.6 |      13 |       1 |   7.1
        D:3 |      35 |       0 |   0.0 |       9 |       0 |   0.0
        D:4 |     135 |      66 |  32.8 |      12 |       3 |  20.0
        D:5 |     633 |       0 |   0.0 |      30 |       0 |   0.0
        D:6 |    1239 |       0 |   0.0 |      12 |       0 |   0.0
        D:7 |    1111 |     559 |  33.5 |      26 |       5 |  16.1
        D:8 |    1014 |     681 |  40.2 |      26 |       6 |  18.8
        D:9 |    1497 |    3766 |  71.6 |      11 |      29 |  72.5
       D:10 |    2919 |       0 |   0.0 |      22 |       0 |   0.0
       D:11 |    3908 |      93 |   2.3 |      20 |       5 |  20.0
       D:12 |    3751 |     874 |  18.9 |      27 |      17 |  38.6
       D:13 |    5987 |    1973 |  24.8 |      18 |       4 |  18.2
       D:14 |    3008 |       0 |   0.0 |      11 |       0 |   0.0
     Lair:1 |    3183 |     112 |   3.4 |      14 |       1 |   6.7
     Lair:2 |    4063 |    4401 |  52.0 |      16 |      16 |  50.0
     Lair:3 |    2936 |       0 |   0.0 |      18 |       0 |   0.0
     Lair:4 |    1289 |       0 |   0.0 |       5 |       0 |   0.0
     Lair:5 |    4332 |     347 |   7.4 |      18 |       3 |  14.3
     Lair:6 |    6560 |   10094 |  60.6 |      23 |      18 |  43.9
   Shoals:1 |   18040 |     498 |   2.7 |      34 |       1 |   2.9
   Shoals:2 |    7194 |       0 |   0.0 |      16 |       0 |   0.0
   Shoals:3 |     735 |       0 |   0.0 |       2 |       0 |   0.0
    Snake:1 |   11544 |    3793 |  24.7 |      23 |       7 |  23.3
    Snake:2 |   11568 |    3499 |  23.2 |      24 |       6 |  20.0
    Snake:3 |    3221 |       0 |   0.0 |       9 |       0 |   0.0
      Orc:1 |    3855 |     899 |  18.9 |      59 |       1 |   1.7
      Orc:2 |     840 |   18027 |  95.5 |      30 |      52 |  63.4
      Elf:1 |    2294 |    4672 |  67.1 |       4 |       7 |  63.6
            +---------+---------+-------+---------+---------+-------
